 Dungeon Crawl Stone Soup version 0.31.0-12-g77e489cdc1 (webtiles) character file.

Game seed: 8333811686981867983

3775 Gadfly the Righteous (level 9, -4/74 HPs)
             Began as an Armataur Fighter on Mar 1, 2024.
             Was a Follower of the Shining One.
             Killed by divine providence
             ... invoked by an orc priest
              (15 damage)
             ... on level 6 of the Dungeon.
             The game lasted 00:09:54 (6715 turns).

Gadfly the Righteous (Armataur Fighter)             Turns: 6715, Time: 00:09:55

Health: -4/74      AC: 16    Str: 25    XL:     9   Next: 95%
Magic:  13/14      EV: 10    Int: 11    God:    the Shining One [*.....]
Gold:   120        SH:  5    Dex: 11    Spells: 0/8 levels left

rFire   . . .        b - +2 mace (heavy)
rCold   + + .        c - +0 buckler
rNeg    . . .        e - +1 plate armour {rC+}
rPois   .            s - +2 helmet {Int+3}
rElec   .            h - +0 cloak
rCorr   +            (no gloves)
SInv    .            (no barding)
Will    .....        i - amulet "Imuegom" {Acrobat rC+ rCorr} Stlth
                     o - +5 ring of evasion
HPRegen 0.32/turn    t - ring of flight
MPRegen 0.14/turn

%: acrobat, roll
@: flying, glowing
A: large, deformed body, tough skin 3, armoured tail, roll 2
a: Renounce Religion, Divine Shield


You were on level 6 of the Dungeon.
You worshipped the Shining One.
The Shining One was aware of your devotion.
You visited 2 branches of the dungeon, and saw 8 of its levels.

You collected 255 gold pieces.
You spent 135 gold pieces at shops.

Inventory:

Hand Weapons
 a - a +0 flail
 b - a +2 heavy mace (weapon)
 u - a +2 heavy hand cannon
 v - a +4 scimitar of flaming
Armour
 c - a +0 buckler (worn)
 e - a +1 plate armour of cold resistance (worn)
 h - a +0 cloak (worn)
 s - a +2 helmet of intelligence (worn)
Jewellery
 i - the amulet "Imuegom" (around neck) {Acrobat rC+ rCorr}
   (You found it on level 4 of the Dungeon)

   [amulet of the acrobat]

   Acrobat:   It increases your evasion while moving and waiting.
   rC+:       It protects you from cold.
   rCorr:     It protects you from acid and corrosion.
 j - a +6 ring of strength
 o - a +5 ring of evasion (left hand)
 t - a ring of flight (right hand)
Wands
 k - a wand of roots (12) (quivered)
 x - a wand of mindburst (13)
Scrolls
 m - 2 scrolls of fear
 n - 2 scrolls of teleportation
Potions
 d - 2 potions of might
 f - 3 potions of mutation
 g - a potion of lignification
 l - 2 potions of enlightenment
 p - 2 potions of curing
 q - 2 potions of heal wounds
 r - a potion of attraction
 w - a potion of degeneration {unknown}


   Skills:
 + Level 5.1 Fighting
 * Level 6.3 Maces & Flails
 + Level 6.6 Armour
 + Level 6.2 Shields
 * Level 6.6 Invocations
 * Level 6.6 Evocations


You couldn't memorise any spells.
You knew the following spells:

 Your Spells              Type           Power      Damage    Failure   Level
a - Manifold Assault      Tloc           0%         N/A       100%        4
b - Ozocubu's Armour      Ice            0%         N/A       100%        3
c - Summon Small Mammal   Summ           0%         N/A       99%         1

Your spell library contained the following spells:

 Spells                   Type           Power      Damage    Failure   Level
 Apportation              Tloc           0%         N/A       99%         1
 Freeze                   Ice            0%         1d3       99%         1
 Necrotise                Necr           0%         1d4       99%         1
 Sting                    Conj/Alch      0%         1d3       99%         1
 Mercury Vapours          Alch/Air       0%         N/A       100%        2
 Frozen Ramparts          Ice            0%         1d1       100%        3
 Fugue of the Fallen      Necr           0%         N/A       100%        3
 Hailstorm                Conj/Ice       0%         3d5       100%        3
 Mephitic Cloud           Conj/Alch/Air  0%         N/A       100%        3
 Tukima's Dance           Hex            0%         N/A       100%        3
 Dimensional Bullseye     Hex/Tloc       0%         N/A       100%        4
 Iskenderun's Mystic Bla  Conj/Tloc      0%         2d3       100%        4
 Olgreb's Toxic Radiance  Alch           0%         N/A       100%        4
 Freezing Cloud           Conj/Ice/Air   0%         6-21      100%        5


Dungeon Overview and Level Annotations

Branches:
Dungeon (7/15)             Temple (1/1) D:5

Altars:
Ashenzari
Dithmenos
Elyvilon
Fedhas
Gozag
Hepliaklqana
Kikubaaqudgha
Okawaru
Ru
Trog
Wu Jian
Xom
Yredelemnul
The Shining One

Shops:
D:6 [

Annotations:
D:6 1 transporter


Innate Abilities, Weirdness & Mutations

Armour fits poorly on your strangely shaped body.
You have extremely tough skin. (AC +3)
You have a long armoured tail.
You regenerate magic and health when rolling toward enemies. (Rampage Regen)


Message History

Beogh smites you!
The orc priest hits you but does no damage.
The kobold demonologist hits you with a +0 dagger.
The shadow imp hits you but does no damage.
The kobold demonologist hits you but does no damage.
You block the shadow imp's attack. The orc priest closely misses you.
You sock the kobold demonologist!
You tail-slap the kobold demonologist, but do no damage.
The kobold demonologist is heavily wounded.
The orc priest hits you with a +0 whip.
The kobold demonologist gestures wildly while chanting.
The shadow imp hits you.
Unknown command.
You bludgeon the kobold demonologist!!
You kill the kobold demonologist!
The Shining One accepts your kill.
The shadow imp disappears in a puff of smoke!
The orc priest mumbles some strange prayers to Beogh against you.
You struggle to resist.
The shadow imp laughs crazily.
The shadow imp hits you but does no damage.
The shadow imp gestures at you. Pain shoots through your body!
The orc priest hits you but does no damage.
The orc priest closely misses you. You block the shadow imp's attack.
Things that are here:
a +0 dagger; a +0 robe; a kobold corpse Unknown command.
You hit the orc priest.
The orc priest is lightly wounded.
The orc priest hits you with a +0 whip. The shadow imp gestures at you.
You struggle to resist.
The orc priest mumbles some strange prayers to Beogh against you.
Beogh smites you!
* * * LOW HITPOINT WARNING * * *
The shadow imp misses you.
The orc priest mumbles some strange prayers to Beogh against you.
Beogh smites you!
You die...

#..........................#.....
#......###############.#....)._..
#......#8P#....o55#P8#.##..#.....
#......#P.#≈≈≈≈≈≈≈#.P#.....#§...§
#......#$(#..~~P..#..#..##.###.##
#.....©#©.+..~⌠~..'.©#©......#..#
#......#$(#..~~~..#..#...........
#......#P.#≈≈≈≈≈≈≈#.P#......#....
#).....#8P#....5@o#P8#.###......#
.......###############........(.#
..........(.....................#
............#.........#........##
.#.##..#.#....).....#.[#.........
#................).......≈≈≈≈≈≈≈≈
#(..###.....##..<........≈≈......
...#####.........##...≈≈≈≈...##..
..##...##..####......≈≈)....####.


You could see 2 orc priests and 3 shadow imps.

Vanquished Creatures
  Maggie (D:6)
  A kobold demonologist (D:6)
  A wraith (D:6)
  Grum (D:6)
  Menkaure (D:5)
  An acid dragon (D:6)
  3 black bears (D:5)
  2 ice beasts
  3 ogres
  2 wolves (D:6)
  4 gnoll sergeants
  A bullfrog (D:7)
  2 scorpions
  6 killer bees (D:5)
  2 bombardier beetles
  15 hounds
  A jelly (D:6)
  2 orc priests
  2 gnoll boudas
  Ijyb (D:5)
  A scorpion zombie (D:3)
  30 gnolls
  5 adders
  An adder zombie (D:3)
  A dart slug (D:4)
  2 ribbon worms (D:2)
  10 orcs
  4 endoplasms
  2 giant cockroaches
  6 hobgoblins
  5 jackals (D:6)
  4 kobolds
  2 quokkas
  5 ball pythons
  11 bats
  3 frilled lizards
  6 goblins
  A rat (D:1)
151 creatures vanquished.

Notes
Turn   | Place    | Note
-------+----------+-------------------------------------------
     0 | D:1      | Gadfly the Armataur Fighter began the quest for the Orb.
     0 | D:1      | Reached XP level 1. HP: 18/18 MP: 1/1
   281 | D:1      | Reached XP level 2. HP: 23/25 MP: 2/2
   712 | D:2      | Reached skill level 1 in Invocations
   908 | D:2      | Reached skill level 1 in Evocations
   917 | D:2      | Reached XP level 3. HP: 25/30 MP: 3/3
  1986 | D:3      | Reached XP level 4. HP: 34/37 MP: 5/5
  2077 | D:3      | Found a basalt altar of Yredelemnul.
  2178 | D:3      | Reached XP level 5. HP: 45/45 MP: 6/6
  2413 | D:3      | Learned a level 4 spell: Manifold Assault
  2473 | D:4      | Noticed an ogre
  2480 | D:4      | Killed an ogre
  2609 | D:4      | Identified the amulet "Imuegom" {Acrobat rC+ rCorr}
  2708 | D:4      | Reached XP level 6. HP: 44/51 MP: 7/7
  3062 | D:5      | Entered Level 5 of the Dungeon
  3062 | D:5      | Noticed Ijyb
  3074 | D:5      | Killed Ijyb
  3271 | D:5      | Noticed Menkaure
  3276 | D:5      | Killed Menkaure
  3277 | D:5      | Gained mutation: You regenerate magic and health when
                  | rolling toward enemies. (Rampage Regen) [Armataur growth]
  3277 | D:5      | Reached XP level 7. HP: 18/57 MP: 9/9
  3675 | D:5      | Reached skill level 5 in Armour
  3714 | D:5      | Found a staircase to the Ecumenical Temple.
  3728 | Temple   | Entered the Ecumenical Temple
  3739 | Temple   | Became a worshipper of the Shining One
  3955 | D:6      | Reached XP level 8. HP: 52/66 MP: 11/11
  4300 | D:6      | Reached skill level 5 in Shields
  4483 | D:6      | Reached skill level 5 in Invocations
  4511 | D:6      | Reached skill level 5 in Maces & Flails
  4511 | D:6      | Reached skill level 5 in Evocations
  4663 | D:6      | Found an iron altar of Okawaru.
  4870 | D:6      | Found a transporter.
  4875 | D:6      | Noticed a kobold demonologist
  4898 | D:6      | Reached XP level 9. HP: 37/72 MP: 13/13
  5116 | D:6      | Reached * piety under the Shining One
  5313 | D:5      | HP: 2/72 [poisoned by a killer bee]
  6041 | D:6      | Found Uproecum's Antique Armour Shoppe.
  6148 | D:6      | Bought a runed helmet for 135 gold pieces
  6176 | D:6      | Found an ancient bone altar of Kikubaaqudgha.
  6182 | D:6      | Found a transporter.
  6383 | D:6      | Found an opulent altar of Gozag.
  6386 | D:6      | Noticed Maggie
  6393 | D:6      | Killed Maggie
  6394 | D:6      | Reached skill level 5 in Fighting
  6531 | D:6      | Noticed Grum
  6535 | D:6      | Killed Grum
  6541 | D:6      | Learned a level 3 spell: Ozocubu's Armour
  6543 | D:6      | Learned a level 1 spell: Summon Small Mammal
  6713 | D:6      | Killed a kobold demonologist
  6715 | D:6      | Killed from afar by an orc priest

Illustrated notes

Levels and vault maps discovered:
D:1:      dpeg_arrival_fog, layout_rooms, kennysheep_minor_cross
D:2:      layout_basic, minivault_24, minmay_pentomino_x4
D:3:      layout_basic, lemuel_zombie_altar_yredelemnul,
          minmay_increasing_density
D:4:      layout_cave_pools, minmay_tree_intersection
D:5:      black_bear_nest_1, layout_basic, minmay_temple_entry_offerings,
          uniq_ijyb, uniq_menkaure
D:6:      gammafunk_wand_slinger, layout_cave_pools, kennysheep_mini_moat,
          nicolae_gozag_cash_rules_everything_around_me,
          nicolae_kikubaaqudgha_miasma_corner, serial_gnoll_camp,
          gnoll_camp_mini_shop, gnoll_camp_medium_02, gnoll_camp_huts_moat,
          grums_kennel, gnoll_camp_mini_doghouse, gnoll_camp_mini_sergeant,
          uniq_maggie
D:7:      layout_rooms, marbit_many_paths, grunt_decor_arrowhead,
          minmay_manual_monolith
Temple:   hellmonk_temple_flake

Skill      XL: |  1  2  3  4  5  6  7  8  9 |
---------------+----------------------------+-----
Maces & Flails | 2 3 4 5 6 |  6.3
Invocations    | 1 2 3 4 5 6 |  6.6
Evocations     | 1 2 3 4 5 6 |  6.6
Fighting       | 3 4 5 |  5.1
Armour         | 4 5 6 |  6.6
Shields        | 4 5 6 |  6.2

Action                     |  1- 3 |  4- 6 |  7- 9 || total
---------------------------+-------+-------+-------++-------
  Melee: Flail             |    73 |    86 |   333 ||   492
         Tailslap          |    11 |    14 |    52 ||    77
         Mace              |       |       |    32 ||    32
   Fire: Hand cannon       |    31 |     2 |     2 ||    35
    Use: Scroll            |     6 |     5 |     4 ||    15
         Potion            |       |     2 |     2 ||     4
 Armour: Scale mail        |    61 |       |       ||    61
         Plate armour      |    18 |    53 |   424 ||   495
  Dodge: Dodged            |    39 |    39 |   352 ||   430
  Block: Buckler           |    21 |    23 |   165 ||   209
